 Dungeon Crawl Stone Soup version 0.26-a0-540-g8a0c9464d7 (webtiles) character file.

Game seed: 5012387956584031955

311 vurker the Gusty (level 6, -2/35 HPs)
             Began as a Tengu Air Elementalist on Aug 22, 2020.
             Slain by an orc warrior
             ... wielding a +0 scimitar
              (6 damage)
             ... on level 3 of the Dungeon.
             The game lasted 00:04:32 (3616 turns).

vurker the Gusty (Tengu Air Elementalist)           Turns: 3616, Time: 00:04:33

Health: -2/35      AC:  2    Str:  9    XL:     6   Next: 42%
Magic:  5/12       EV: 14    Int: 17    God:
Gold:   165        SH:  4    Dex: 14    Spells: 2/12 levels left

rFire    . . .     SeeInvis .   i - +1 short sword (venom)
rCold    . . .     Faith    .   h - +0 buckler
rNeg     . . .     Spirit   .   a - +0 robe
rPois    .         Reflect  .   (helmet restricted)
rElec    .         Harm     .   (no cloak)
rCorr    .                      (no gloves)
MR       .....                  (boots unavailable)
Stlth    ++........             (no amulet)
HPRegen  0.11/turn              (no ring)
MPRegen  0.13/turn              (no ring)

@: flying quickly and evasively, quick
A: beak, talons 3, able to fly
a: Stop Flying


You were on level 3 of the Dungeon.
You visited 1 branch of the dungeon, and saw 3 of its levels.

You collected 165 gold pieces.

Inventory:

Hand Weapons
 i - a +1 short sword of venom (weapon)
   (You took it off an orc on level 3 of the Dungeon)
Armour
 a - a +0 robe (worn)
 h - a +0 buckler (worn)
   (You found it on level 2 of the Dungeon)
Scrolls
 b - a scroll of enchant weapon {unknown}
 e - a scroll of teleportation
 f - 2 scrolls of remove curse
 j - a scroll of amnesia {unknown}
Potions
 c - 3 potions of heal wounds
 d - a potion of curing {unknown}
 g - a potion of haste {unknown}


   Skills:
 + Level 2.0 Fighting
 - Level 2.1 Dodging
 - Level 2.0 Stealth
 * Level 2.1 Shields
 * Level 3.5 Spellcasting
 + Level 3.2 Conjurations
 * Level 5.9 Air Magic


You had 2 spell levels left.
You knew the following spells:

 Your Spells              Type           Power        Failure   Level
a - Shock                 Conj/Air       ###.         3%          1
b - Lightning Bolt        Conj/Air       ###.......   65%         5
c - Airstrike             Air            ###.......   19%         4

Your spell library contained the following spells:

 Spells                   Type           Power        Failure   Level
 Swiftness                Air            ###.....     2%          2
 Static Discharge         Conj/Air       ###.....     10%         3


Dungeon Overview and Level Annotations

Branches:
Dungeon (3/15)

Altars:
Ashenzari


Innate Abilities, Weirdness & Mutations

You have a beak for a mouth.
You have claws for feet.
You can fly continuously.


Message History

An orc warrior is nearby!
An orc warrior is nearby!
Aim: an orc warrior, wielding a +0 scimitar and wearing a +0 plate armour (wandering, hasn't noticed you)
The zap hits the orc warrior.
The orc warrior shouts!
Aim: an orc warrior, wielding a +0 scimitar and wearing a +0 plate armour (lightly wounded)
The zap hits the orc warrior.
Aim: an orc warrior, wielding a +0 scimitar and wearing a +0 plate armour (moderately wounded)
You miscast Shock.
You are very lightly contaminated with residual magic.
Nothing appears to happen.
Aim: an orc warrior, wielding a +0 scimitar and wearing a +0 plate armour (lightly wounded)
The zap hits the orc warrior.
Things that are here:
a +0 club; an orc skeleton
Things that are here:
a +0 robe; a +0 dagger
Things that are here:
a +0 chain mail; a +4 mace; an orc skeleton Your magical contamination has completely faded away.
A goblin and a hobgoblin come into view.
The hobgoblin shouts!
Found a quarterstaff.
The zap hits the hobgoblin.
The zap hits the orc warrior. x2
The hobgoblin completely misses you.
The zap hits the hobgoblin.
The zap hits the orc warrior.
The zap hits the orc warrior but does no damage.
The zap hits the hobgoblin.
You kill the hobgoblin!
The goblin shouts!
The goblin unwields a +0 club.
The goblin wields a +0 hunting sling.
The goblin shoots a stone.
The stone hits you but does no damage.
The zap hits the orc warrior. x2; The goblin shoots a stone.
The stone closely misses you.
The stone hits the orc warrior but does no damage.
The orc warrior hits you with a +0 scimitar!
The zap hits the orc warrior but does no damage.
The zap hits the orc warrior.
The goblin shoots a stone.
The stone closely misses you.
The stone closely misses the orc warrior.
The zap misses the orc warrior.
The zap hits the orc warrior but does no damage.
The orc warrior hits you with a +0 scimitar!!
Ouch! That really hurt!
* * * LOW HITPOINT WARNING * * *
The goblin shoots a stone.
The stone hits you.
* * * LOW HITPOINT WARNING * * *
The zap misses the orc warrior.
The zap hits the orc warrior.
The orc warrior hits you with a +0 scimitar.
You die...

#o# #.# ######.#####
#.....[..o.##########
#.####.###.##........
##...##..........)
#.....####.###.##
##...## #.###.###.#
##.## #.(o@....g# #.#
#####.#.### #.# ...
#+# ##.# .# #


You could see an orc warrior and a goblin.

Vanquished Creatures
  3 orc priests (D:3)
  3 orc wizards (D:3)
  A worker ant (D:2)
  4 adders
  An ooze (D:1)
  5 dart slugs
  A leopard gecko (D:2)
  6 orcs (D:3)
  3 giant cockroaches
  8 goblins
  6 hobgoblins
  8 kobolds
  A quokka (D:2)
  8 bats
  6 frilled lizards
  8 rats
72 creatures vanquished.

Notes
Turn   | Place    | Note
-------+----------+-------------------------------------------
     0 | D:1      | vurker the Tengu Air Elementalist began the quest for the
                  | Orb.
     0 | D:1      | Reached XP level 1. HP: 10/10 MP: 4/4
    67 | D:1      | Reached XP level 2. HP: 6/16 MP: 0/6
   728 | D:1      | Reached XP level 3. HP: 20/20 MP: 5/7
  1108 | D:2      | Reached skill level 1 in Fighting
  1236 | D:2      | Reached XP level 4. HP: 25/25 MP: 0/9
  1760 | D:2      | Reached skill level 5 in Air Magic
  2006 | D:2      | Found a shattered altar of Ashenzari.
  2657 | D:3      | Reached skill level 1 in Shields
  2657 | D:3      | Gained mutation: You can fly continuously. [Tengu growth]
  2657 | D:3      | Reached XP level 5. HP: 29/29 MP: 4/10
  3173 | D:3      | Learned a level 5 spell: Lightning Bolt
  3178 | D:3      | Learned a level 4 spell: Airstrike
  3210 | D:3      | Reached XP level 6. HP: 15/35 MP: 7/12
  3212 | D:3      | Noticed an orc warrior
  3616 | D:3      | Slain by an orc warrior

Illustrated notes

Levels and vault maps discovered:
D:1:      dpeg_arrival_rooms_b, layout_rooms
D:2:      layout_loops_corners, marbit_many_paths, minmay_misc_feat_plants,
          grunt_ministairs_9
D:3:      layout_loops_corners, chequers_ecumenical_altar_simple,
          feat_on_display

Skill      XL: |  1  2  3  4  5  6 |
---------------+-------------------+-----
Conjurations   | 2 3 |  3.2
Fighting       | 1 2 |  2.0
Air Magic      | 5 |  5.9
Spellcasting   | 3 |  3.5
Shields        | 1 2 |  2.1
Dodging        | |  2.1
Stealth        | |  2.0

Action                   |  1- 3 |  4- 6 || total
-------------------------+-------+-------++-------
Melee: Unarmed           |     6 |       ||     6
       Kick              |     2 |     2 ||     4
       Dagger            |     1 |     9 ||    10
       Peck              |       |     4 ||     4
       Short sword       |       |     1 ||     1
 Cast: Shock             |    50 |   112 ||   162
 Abil: Fly               |       |     1 ||     1
  Use: Scroll            |       |     5 ||     5
Armor: Robe              |     3 |     4 ||     7
Dodge: Dodged            |    11 |    21 ||    32
Block: Buckler           |       |     3 ||     3

Table legend: (Time is in decaauts)
 A = Elapsed time spent in this place.
 B = Non-inter-level travel time spent in this place.
 C = Inter-level travel time spent in this place.
 D = Time resting spent in this place.
 E = Time spent auto-exploring this place.
 F = Levels seen in this place.
 G = Mean time per level.
                   A        B        C        D        E       F      G
               +--------+--------+--------+--------+--------+-----+--------+
         Total |   3587 |   3516 |     71 |     90 |   2994 |   3 | 1195.7 |
       Dungeon |   3587 |   3516 |     71 |     90 |   2994 |   3 | 1195.7 |
               +--------+--------+--------+--------+--------+-----+--------+

Top non-repeatable levels by time:
     D:2: 1696 daAuts
     D:1: 1057 daAuts
     D:3: 834 daAuts
